 Dungeon Crawl Stone Soup version 0.27-a0-679-g77a6b55cf3 (webtiles) character file.

Game seed: 13767118001603180767

37 DarkShadow the Skirmisher (level 3, -3/30 HPs)
             Began as a Demonspawn Abyssal Knight on Mar 19, 2021.
             Was a Believer of Lugonu.
             Slain by Terence
             ... wielding a +0 flail
              (4 damage)
             ... on level 2 of the Dungeon.
             The game lasted 00:06:09 (1447 turns).

DarkShadow the Skirmisher (DsAK)                    Turns: 1447, Time: 00:06:10

Health: -3/30      AC:  8    Str: 11 (13) XL:     3   Next: 21%
Magic:  13/13      EV: 10    Int: 12 (13) God:    Lugonu [**....]
Gold:   42         SH:  0    Dex: 10 (12) Spells: 1/2 levels left

rFire    . . .     SeeInvis .   a - +1 falchion
rCold    . . .     Faith    .   (no shield)
rNeg     . . .     Spirit   .   e - +0 ring mail
rPois    .         Reflect  .   (no helmet)
rElec    .         Harm     .   c - +2 cloak
rCorr    .         Rampage  .   (no gloves)
Will     .....                  (no boots)
Stlth    ..........             (no amulet)
HPRegen  0.10/turn              f - ring of magical power
MPRegen  0.13/turn              (no ring)

@: no status effects
A: talons 1
a: Renounce Religion, Depart the Abyss, Bend Space


You were on level 2 of the Dungeon.
You worshipped Lugonu.
Lugonu was pleased with you.
You visited 1 branch of the dungeon, and saw 2 of its levels.
You visited the Abyss 1 time.

You collected 42 gold pieces.

Inventory:

Hand Weapons
 a - a +1 falchion (weapon)
Armour
 b - a +0 leather armour
 c - a +2 cloak (worn)
 e - a +0 ring mail (worn)
Jewellery
 f - a ring of magical power (right hand)
Potions
 d - a potion of curing


   Skills:
 + Level 3.7 Fighting
 + Level 2.1 Long Blades
 + Level 2.1 Armour
 + Level 1.1 Dodging
 + Level 2.5 Invocations


You had one spell level left.
You knew the following spells:

 Your Spells              Type           Power      Damage    Failure   Level
a - Magic Dart            Conj           0%         1d3       61%         1

Your spell library contained the following spells:

 Spells                   Type           Power      Damage    Failure   Level
 Blink                    Tloc           N/A        N/A       75%         2
 Call Imp                 Summ           0%         N/A       75%         2
 Slow                     Hex            0%         N/A       75%         2
 Confusing Touch          Hex            0%         N/A       93%         3
 Conjure Flame            Conj/Fire      0%         6-21      93%         3
 Gell's Gravitas          Tloc           0%         N/A       93%         3
 Mephitic Cloud           Conj/Pois/Air  0%         N/A       93%         3
 Petrify                  Tmut/Erth      0%         N/A       100%        4
 Metabolic Englaciation   Hex/Ice        0%         N/A       100%        5
 Yara's Violent Unravell  Hex/Tmut       0%         3d3       100%        5


Dungeon Overview and Level Annotations

Branches:
Dungeon (2/15)

Altars:

Annotations:
D:2 Terence


Innate Abilities, Weirdness & Mutations

You have sharp toenails.


Message History

You pick up a book of Minor Magic and begin reading...
You add the spells Magic Dart, Blink, Call Imp, Slow, Conjure Flame and Mephitic Cloud to your library.
Memorise Magic Dart, consuming 1 spell level and leaving 1?
You start memorising the spell.
You continue memorising.
You finish memorising.
Spell assigned to 'a'.
You can't memorise that many levels of magic yet!
You see here a rat corpse.
Found 13 arrows.
You see here a +0 club.
Done exploring.
Done exploring.
Why would you want to do that? Why would you want to do that?
There is a stone staircase leading down here.
You climb downwards.
Terence the Incautious comes into view.
He is wielding a +0 flail.
Terence shouts!
You hear a shout! x4
There is a stone staircase leading up here.
You hear a shout! x2
Terence drinks a potion.
Terence seems to speed up.
There is a stone staircase leading up here.
You can't go down here!
Terence barely misses you.
You hit Terence but do no damage. Your kick misses Terence.
Terence hits you with a +0 flail.
You hit Terence but do no damage. You claw Terence, but do no damage.
Terence hits you with a +0 flail! Terence completely misses you.
You riposte.
You barely miss Terence. You claw Terence.
Terence is lightly wounded.
You hit Terence.
Terence is lightly wounded.
Terence hits you with a +0 flail!
* * * LOW HITPOINT WARNING * * *
Terence hits you with a +0 flail.
* * * LOW HITPOINT WARNING * * *
You can't go down here!
Terence hits you with a +0 flail.
* * * LOW HITPOINT WARNING * * *
Terence hits you with a +0 flail.
You die... .. .# .# .# .# .# ###.#####.# .......@@.# ###.#######

You could see Terence (fast).

Vanquished Creatures
  3 dart slugs (D:1)
  2 giant cockroaches (D:1)
  2 goblins (D:1)
  4 hobgoblins (D:1)
  3 quokkas (D:1)
  4 bats (D:1)
  4 frilled lizards (D:1)
  3 kobolds (D:1)
  5 rats (D:1)
30 creatures vanquished.

Notes
Turn   | Place    | Note
-------+----------+-------------------------------------------
     0 | Abyss:1  | DarkShadow the Demonspawn Abyssal Knight began the quest
                  | for the Orb.
     0 | Abyss:1  | Reached XP level 1. HP: 18/18 MP: 2/2
    17 | D:1      | Escaped the Abyss
   299 | D:1      | Gained mutation: You have sharp toenails. [demonic
                  | ancestry]
   299 | D:1      | Reached XP level 2. HP: 22/24 MP: 3/3
   949 | D:1      | Reached skill level 1 in Dodging
  1043 | D:1      | Reached XP level 3. HP: 30/30 MP: 4/4
  1049 | D:1      | Reached ** piety under Lugonu
  1330 | D:1      | Learned a level 1 spell: Magic Dart
  1439 | D:2      | Noticed Terence
  1447 | D:2      | HP: 1/30 [Terence/+0 flail (2)]
  1447 | D:2      | Slain by Terence

Illustrated notes

Levels and vault maps discovered:
D:1:      moated_graveyard_arrival, layout_loops_ring,
          chequers_serial_rivers_micro_c, hangedman_decor_growths, minmay_vboxes
D:2:      layout_loops_ring, chequers_serial_rivers_micro_d, uniq_jessica,
          uniq_robin, uniq_terence

Skill      XL: |  1  2 |
---------------+-------+-----
Long Blades    | 2 |  2.1
Dodging        | 1 |  1.1
Armour         | 2 |  2.1
Fighting       | |  3.7
Invocations    | |  2.5

Action                   || total
-------------------------++-------
Melee: Falchion          ||    58
       Kick              ||    15
  Use: Scroll            ||     3
       Potion            ||     2
Armor: Leather armour    ||     4
       Ring mail         ||    16
Dodge: Dodged            ||    40
       Rpst.: Falchion   ||    11

Table legend: (Time is in decaauts)
 A = Elapsed time spent in this place.
 B = Non-inter-level travel time spent in this place.
 C = Inter-level travel time spent in this place.
 D = Time resting spent in this place.
 E = Time spent auto-exploring this place.
 F = Levels seen in this place.
 G = Mean time per level.
                   A        B        C        D        E       F      G
               +--------+--------+--------+--------+--------+-----+--------+
         Total |   1457 |   1454 |      3 |    529 |    488 |   3 |  485.7 |
       Dungeon |   1440 |   1437 |      3 |    529 |    488 |   2 |  720.0 |
         Abyss |     17 |     17 |      0 |      0 |      0 |   1 |   17.0 |
               +--------+--------+--------+--------+--------+-----+--------+

Top non-repeatable levels by time:
     D:1: 1432 daAuts
 Abyss:1: 17 daAuts
     D:2: 8 daAuts
